 Dungeon Crawl Stone Soup version 0.23.2-1-ga50397a6bc (webtiles) character file.

Game seed: 9706277625190469695

23 Gargoyl the Skirmisher (level 2, -1/26 HPs)
             Began as a Centaur Abyssal Knight on May 13, 2019.
             Was a Follower of Lugonu.
             Succumbed to an adder's poison
             ... on level 2 of the Dungeon.
             The game lasted 00:02:27 (1255 turns).

Gargoyl the Skirmisher (Centaur Abyssal Knight)     Turns: 1255, Time: 00:02:28

Health: -1/26      AC:  5    Str: 14    XL:     2   Next: 75%
Magic:  3/3        EV:  6    Int: 11    God:    Lugonu [*.....]
Gold:   97         SH:  7    Dex: 11    Spells: 1/1 levels left

rFire    + . .     SeeInvis .   a - +1 hand axe
rCold    . . .     Gourm    .   d - +0 shield
rNeg     . . .     Faith    .   b - +0 leather armour
rPois    .         Spirit   .   (no helmet)
rElec    .         Reflect  .   (no cloak)
rCorr    .         Harm     .   (no gloves)
MR       .....                  (no barding)
Stlth    ++........             (no amulet)
HPRegen  0.08/turn              h - +3 ring of dexterity
MPRegen  0.08/turn              l - ring of stealth

@: lethally poisoned (-1 -> -18), very quick
A: large, hooves 3, deformed body, fire resistance 1, speed 2, shaggy fur 1,
tough skin 3, MP-powered wands
a: Depart the Abyss, Renounce Religion


You were on level 2 of the Dungeon.
You worshipped Lugonu.
Lugonu was aware of your devotion.
You were not hungry.

You visited 1 branch of the dungeon, and saw 2 of its levels.
You visited the Abyss 1 time.

You collected 97 gold pieces.

Inventory:

Hand Weapons
 a - a +1 hand axe (weapon)
Armour
 b - a +0 leather armour (worn)
 d - a +0 shield (worn)
Jewellery
 h - a +3 ring of dexterity (left hand)
 k - an uncursed amulet of guardian spirit {unknown}
 l - a ring of stealth (right hand)
Wands
 e - a wand of digging (6)
Scrolls
 j - 2 scrolls of remove curse
Potions
 f - a potion of haste
 g - 2 potions of curing {unknown}
 o - a potion of invisibility {unknown}
Comestibles
 c - 4 rations


   Skills:
 + Level 3.4 Fighting
 + Level 2.0 Axes
 * Level 1.7 Armour
 + Level 0.7 Dodging
 * Level 0.2 Shields
 * Level 2.1 Invocations


You had one spell level left.
You didn't know any spells.
Your spell library was empty.

Dungeon Overview and Level Annotations

Branches:
Dungeon (2/15)

Altars:
Makhleb


Innate Abilities, Weirdness & Mutations

You have hooves in place of feet.
Armour fits poorly on your strangely shaped body.
You cover ground very quickly.
You have extremely tough skin. (AC +3)
Your flesh is heat resistant. (rF+)
You are covered in fur. (AC +1)
You expend magic power (3 MP) to strengthen your wands.


Message History

You are lethally poisoned!
The adder poisons you!
You barely miss the adder.
The adder is severely wounded.
You feel sick. The adder bites you.
* * * LOW HITPOINT WARNING * * *
You are more poisoned.
The adder poisons you! The adder bites you but does no damage.
You barely miss the adder. Your kick misses the adder.
The adder is severely wounded.
* * * LOW HITPOINT WARNING * * *
You feel sick. The adder barely misses you. The adder bites you.
* * * LOW HITPOINT WARNING * * *
You barely miss the adder.
The adder is severely wounded.
* * * LOW HITPOINT WARNING * * *
You feel sick. You block the adder's attack.
Your shield and leather armour prevent you from hitting the adder.
The adder is severely wounded.
You die...

......##
....#..##.#
.##.....##.# #
.#####...##.#.## .#
#....##.#.## .#
#....)# ... . .#
#.#...# #.# ...
#.....###.####.....
#.#........@S......
#.##...............
#...>..........####
####...........#
#...........#
#...........#
#...(.......#
#......(....#


You could see an adder.

Vanquished Creatures
  6 bats
  4 goblins (D:1)
  A hobgoblin (D:1)
  3 kobolds (D:1)
  4 frilled lizards
  5 rats (D:1)
23 creatures vanquished.

Notes
Turn   | Place    | Note
-------+----------+-------------------------------------------
     0 | Abyss:1  | Gargoyl the Centaur Abyssal Knight began the quest for the
                  | Orb.
     0 | Abyss:1  | Reached XP level 1. HP: 19/19 MP: 2/2
    91 | Abyss:3  | Gained mutation: Your magical capacity is low. (-10% MP)
                  | [potion of mutation]
    91 | Abyss:3  | Gained mutation: You expend magic power (3 MP) to
                  | strengthen your wands. [potion of mutation]
   127 | Abyss:3  | Found a corrupted altar of Lugonu.
   142 | Abyss:3  | Noticed a wraith
   166 | Abyss:3  | Noticed a green draconian scorcher
   169 | D:1      | Escaped the Abyss
   647 | D:1      | Reached XP level 2. HP: 24/26 MP: 3/3
   752 | D:1      | Lost mutation: You expend magic power (3 MP) to strengthen
                  | your wands. [potion of mutation]
   752 | D:1      | Lost mutation: Your magical capacity is low. (-10% MP)
                  | [potion of mutation]
   752 | D:1      | Gained mutation: Your flesh is heat resistant. (rF+)
                  | [potion of mutation]
   752 | D:1      | Gained mutation: You expend magic power (3 MP) to
                  | strengthen your wands. [potion of mutation]
   752 | D:1      | Gained mutation: You are covered in fur. (AC +1) [potion of
                  | mutation]
   775 | D:1      | Reached * piety under Lugonu
  1150 | D:2      | Found a burning altar of Makhleb.
  1254 | D:2      | HP: 1/26 [poisoned by an adder]
  1255 | D:2      | Succumbed to an adder's poison

Skill      XL: |  1  2 |
---------------+-------+-----
Axes           | 2 |  2.0
Fighting       | |  3.4
Armour         | |  1.7
Dodging        | |  0.7
Shields        | |  0.2
Invocations    | |  2.1

Action                   || total
-------------------------++-------
Melee: Hand axe          ||    52
       Kick              ||     9
Invok: Depart the Abyss  ||     1
  Use: Potion            ||     4
       Scroll            ||     5
Armor: Leather armour    ||    33
Dodge: Dodged            ||    24
Block: Shield            ||    24
